 Dungeon Crawl Stone Soup version 0.27-a0-1565-gad902ab807 (webtiles) character file.

Game seed: 13133455207825979406

53 gimp the Covered (level 4, -7/32 HPs)
             Began as a Formicid Wanderer on July 16, 2021.
             Killed by divine providence
             ... invoked by an orc priest
              (13 damage)
             ... on level 3 of the Dungeon.
             The game lasted 00:02:15 (1338 turns).

gimp the Covered (Formicid Wanderer)                Turns: 1338, Time: 00:02:15

Health: -7/32      AC:  5    Str: 16    XL:     4   Next: 10%
Magic:  5/5        EV: 10    Int: 12    God:
Gold:   54         SH:  0    Dex: 11    Spells: 5/5 levels left

rFire    . . .     SeeInvis +   a - +2 mace
rCold    . . .     Faith    .   (no shield)
rNeg     . . .     Spirit   .   e - +0 ring mail
rPois    .         Reflect  .   (helmet unavailable)
rElec    .         Harm     .   (no cloak)
rCorr    .         Rampage  .   (no gloves)
Will     .....                  (no boots)
Stlth    ..........             (no amulet)
HPRegen  0.10/turn              (no ring)
MPRegen  0.09/turn              (no ring)

@: confused, brilliant, ambrosia-drunk, attractive
A: permanent stasis, dig shafts and tunnels, antennae 3, four strong arms
a: Dig, Shaft Self


You were on level 3 of the Dungeon.
You visited 1 branch of the dungeon, and saw 3 of its levels.

You collected 54 gold pieces.

Inventory:

Hand Weapons
 a - a +2 mace (weapon)
 b - a +0 hand axe
 f - a +0 flail
Armour
 e - a +0 ring mail (worn)
Scrolls
 d - 3 scrolls of identify {unknown}
 i - a scroll of blinking {unknown}


   Skills:
 + Level 1.6 Fighting
 * Level 2.2(2.6) Axes
 - Level 2.0(2.5) Maces & Flails
 + Level 3.8 Armour
 - Level 1.2 Stealth
 - Level 1.1 Spellcasting
 - Level 2.6 Poison Magic
 - Level 1.1 Evocations


You had 5 spell levels left.
You didn't know any spells.
Your spell library contained the following spells:

 Spells                   Type           Power      Damage    Failure   Level
 Sting                    Tmut/Pois      20%        1d4       30%         1
 Foxfire                  Conj/Fire      0%         2x1d4     47%         1
 Ignite Poison            Fire/Tmut/Pois 4%         N/A       73%         3
 Stone Arrow              Conj/Erth      0%         3d7       85%         3
 Hailstorm                Conj/Ice       0%         3d3       99%         4
 Ice Form                 Ice/Tmut       0%         N/A       99%         4
 Simulacrum               Ice/Necr       0%         N/A       100%        6


Dungeon Overview and Level Annotations

Branches:
Dungeon (3/15)

Altars:


Innate Abilities, Weirdness & Mutations

You cannot be hasted, slowed, berserked, paralysed or teleported.
You can dig through walls and to a lower floor.
You have a pair of large antennae on your head. (SInv)
Your four strong arms can wield two-handed weapons with a shield.


Message History

You take 1 damage, and have 15/48 hp.
You barely miss the orc.
The orc is moderately wounded.
The orc barely misses you.
You closely miss the orc.
The orc is moderately wounded.
The orc hits you but does no damage.
You barely miss the orc.
The orc is moderately wounded.
The orc hits you but does no damage.
You sock the orc!
You kill the orc!
You cannot move.
You start resting.
Your transformation is almost over.
You start resting.
You feel less wooden.
Your +0 ring mail unmelds from your body.
You now have 12/32 hp.
You start resting.
An orc priest comes into view. It is wielding a +0 dagger.
Items here: ))) [.
f - a +0 flail You aren't carrying any items that you can evoke.
Unknown command.
It was a potion of brilliance.
You feel clever all of a sudden.
The orc priest mumbles some strange prayers to Beogh against you.
Beogh smites you!
* * * LOW HITPOINT WARNING * * *
You take 12 damage, and have 1/32 hp.
MASSIVE DAMAGE!!
It was a potion of attraction.
You feel attractive to monsters. The orc priest is pulled toward you!
It was a potion of ambrosia.
You are confused.
You feel invigorated.
The orc priest mumbles some strange prayers to Beogh against you.
Beogh smites you!
You die...

#...# #o##.. #####.# #.###
....# #...#
##...######.#$#.######.######
......o.....................#
......#..##.##########.####.#
......#..##.o.o....###.#
......#..##..#####.#.o.####.
......##†##.[# #...#.##<....#
......†......# #@#.#...######
......#.#.#.## #o###.###
......#.#...# #..)o.#
......#.##..# #######
......#.##..# ......#.##..#
......#.##..# ......#.##..#
#..#


You could see an orc priest.

Vanquished Creatures
  An adder (D:3)
  A dart slug (D:1)
  4 orcs (D:3)
  9 endoplasms
  A giant cockroach (D:1)
  2 goblins (D:1)
  3 hobgoblins
  2 kobolds (D:1)
  4 ball pythons
  2 frilled lizards (D:1)
  5 rats
34 creatures vanquished.

Notes
Turn   | Place    | Note
-------+----------+-------------------------------------------
     0 | D:1      | gimp the Formicid Wanderer began the quest for the Orb.
     0 | D:1      | gimp set off with the following items: a +2 mace, a +0
                  | robe; and the following spells available to memorise:
                  | Sting, Foxfire, Ignite Poison, Stone Arrow
     0 | D:1      | Reached XP level 1. HP: 13/13 MP: 2/2
     6 | D:1      | Found a faded altar of an unknown god.
   232 | D:1      | Reached XP level 2. HP: 20/20 MP: 3/3
   239 | D:1      | Reached skill level 1 in Axes
   357 | D:1      | Reached skill level 1 in Fighting
   481 | D:1      | Reached XP level 3. HP: 26/26 MP: 4/4
  1105 | D:2      | Noticed a black bear
  1307 | D:3      | Reached XP level 4. HP: 16/32 MP: 5/5
  1334 | D:3      | HP: 1/32 [orc priest/divine providence (12)]
  1338 | D:3      | Killed from afar by an orc priest

Illustrated notes

Levels and vault maps discovered:
D:1:      wander_arrival_chamber, layout_basic,
          chequers_ecumenical_altar_simple_redux
D:2:      layout_basic, minmay_split_cup_small
D:3:      layout_basic, minmay_divided_ellipse

Skill      XL: |  1  2  3 |
---------------+----------+-----
Axes           | 1 2 |  2.2
Fighting       | 1 |  1.6
Maces & Flails | |  2.0
Armour         | |  3.8
Stealth        | |  1.2
Spellcasting   | |  1.1
Poison Magic   | |  2.6
Evocations     | |  1.1

Action                   |  1- 3 |  4- 6 || total
-------------------------+-------+-------++-------
Melee: Mace              |    84 |     8 ||    92
 Abil: Dig               |     3 |       ||     3
  Use: Potion            |     1 |     3 ||     4
 Stab: Sleeping          |     1 |       ||     1
       Distracted        |     1 |       ||     1
Armor: Ring mail         |    27 |       ||    27
       Skin              |     3 |     3 ||     6
Dodge: Dodged            |    45 |     2 ||    47

Table legend: (Time is in decaauts)
 A = Elapsed time spent in this place.
 B = Non-inter-level travel time spent in this place.
 C = Inter-level travel time spent in this place.
 D = Time resting spent in this place.
 E = Time spent auto-exploring this place.
 F = Levels seen in this place.
 G = Mean time per level.
                   A        B        C        D        E       F      G
               +--------+--------+--------+--------+--------+-----+--------+
         Total |   1364 |   1364 |      0 |     16 |   1028 |   3 |  454.7 |
       Dungeon |   1364 |   1364 |      0 |     16 |   1028 |   3 |  454.7 |
               +--------+--------+--------+--------+--------+-----+--------+

Top non-repeatable levels by time:
     D:1: 904 daAuts
     D:3: 233 daAuts
     D:2: 226 daAuts
